 Dungeon Crawl Stone Soup version 0.27-a0-679-g77a6b55cf3 (webtiles) character file.

Game seed: 7810145850066793557

163 night the Ducker (level 5, -3/34 HPs)
             Began as a Halfling Transmuter on Mar 18, 2021.
             Slain by an orc
             ... wielding a +0 falchion
              (5 damage)
             ... on level 2 of the Dungeon.
             The game lasted 00:07:31 (3541 turns).

night the Ducker (Halfling Transmuter)              Turns: 3541, Time: 00:07:32

Health: -3/34      AC:  7    Str: 12    XL:     5   Next: 72%
Magic:  7/7        EV: 12    Int: 11    God:
Gold:   46         SH:  0    Dex: 15    Spells: 4/7 levels left

rFire    + . .     SeeInvis .     - Unarmed
rCold    . . .     Faith    .   (shield restricted)
rNeg     . . .     Spirit   .   i - +1 scale mail {rF+}
rPois    .         Reflect  .   (no helmet)
rElec    .         Harm     .   (no cloak)
rCorr    .         Rampage  .   (no gloves)
Will     .....                  (no boots)
Stlth    ..........             (no amulet)
HPRegen  0.11/turn              (no ring)
MPRegen  0.10/turn              (no ring)

@: no status effects
A: small, no large weapons, mutation resistance 1
a: no special abilities


You were on level 2 of the Dungeon.
You visited 1 branch of the dungeon, and saw 3 of its levels.

You collected 46 gold pieces.

Inventory:

Hand Weapons
 b - a +0 hunting sling
Missiles
 f - 31 sling bullets
 h - 39 stones
Armour
 a - a +0 robe
 c - a +0 ring mail
 i - a +1 scale mail of fire resistance (worn)
Jewellery
 e - a +6 ring of dexterity
Scrolls
 d - a scroll of vulnerability {unknown}
 j - a scroll of silence {unknown}
 k - a scroll of identify


   Skills:
 + Level 2.1 Fighting
 + Level 2.7 Slings
 + Level 3.2 Dodging
 + Level 3.0 Unarmed Combat
 + Level 1.7 Spellcasting
 + Level 1.9 Transmutations


You had 4 spell levels left.
You knew the following spells:

 Your Spells              Type           Power      Damage    Failure   Level
a - Beastly Appendage     Tmut           10%        N/A       58%         1
b - Wereblood             Tmut           5%         N/A       75%         2

Your spell library contained the following spells:

 Spells                   Type           Power      Damage    Failure   Level
 Spider Form              Tmut/Pois      1%         N/A       97%         3
 Ice Form                 Ice/Tmut       3%         N/A       100%        4
 Blade Hands              Tmut           2%         N/A       100%        5


Dungeon Overview and Level Annotations

Branches:
Dungeon (3/15)

Altars:
The Shining One


Innate Abilities, Weirdness & Mutations

You are small and have problems with some larger weapons.
You are somewhat resistant to further mutation.


Message History

The orc is almost dead.
The orc hits you but does no damage.
You aren't carrying any potions.
Casting: Beastly Appendage (safe; 58% risk of failure)
Confirm with . or Enter, or press ? or * to list all spells.
You miscast Beastly Appendage.
You are very lightly contaminated with residual magic.
Nothing appears to happen.
The orc hits you with a +0 flail.
* * * LOW HITPOINT WARNING * * *
You hit the orc but do no damage.
The orc is almost dead.
The orc misses you.
You hit the orc.
You kill the orc!
You hit the orc but do no damage. The orc closely misses you.
You barely miss the orc. The orc hits you with a +0 falchion.
* * * LOW HITPOINT WARNING * * *
You barely miss the orc. The orc hits you but does no damage.
You hit the orc.
The orc is moderately wounded.
The orc misses you.
Your magical contamination has completely faded away.
You hit the orc but do no damage.
The orc is moderately wounded.
The orc hits you with a +0 falchion.
* * * LOW HITPOINT WARNING * * *
You closely miss the orc.
The orc is moderately wounded.
The orc misses you.
You hit the orc.
The orc is severely wounded.
The orc hits you with a +0 falchion.
* * * LOW HITPOINT WARNING * * *
You barely miss the orc.
The orc is severely wounded.
The orc barely misses you.
You hit the orc but do no damage.
The orc is severely wounded.
The orc hits you with a +0 falchion.
You die...

####.##.## #.# #.###...#
#.# .....#.#.## #.#
#.......# #.#
###...###.## #>#
#.###...# #.. ###..##
##.###.# #.# #..## ###
....## ##....# #.# #..#
###..## ##.###.# #.#
#..###### # #...###..#
#[# #.# #........ #
#..#.#.#.# #>######.#
##.###### # #..##.##.#
#.o@.....# #.#
###..#...#.###.########
#.# ......(.....##.# #.#
.####..<.......# #.#
.####.......#### #.#
.........#.## #.######
.#########.#############
#....... .#
#.............# #.######
.#########..##########.#
#.#


You could see an orc.

Vanquished Creatures
  Jessica (D:2)
  Natasha (twice) (D:3)
  Terence (D:2)
  An adder (D:2)
  A dart slug (D:1)
  A leopard gecko (D:2)
  An orc (D:2)
  6 bats
  7 giant cockroaches
  4 goblins
  4 hobgoblins
  4 jackals (D:2)
  5 kobolds
  2 quokkas (D:1)
  A ball python (D:1)
  A frilled lizard (D:2)
  7 rats
49 creatures vanquished.

Vanquished Creatures (others)
  4 plants (D:2)
4 creatures vanquished.

Grand Total: 53 creatures vanquished

Notes
Turn   | Place    | Note
-------+----------+-------------------------------------------
     0 | D:1      | night the Halfling Transmuter began the quest for the Orb.
     0 | D:1      | Reached XP level 1. HP: 12/12 MP: 3/3
   329 | D:1      | Reached skill level 1 in Fighting
   436 | D:1      | Reached XP level 2. HP: 18/18 MP: 4/4
   441 | D:1      | Learned a level 2 spell: Wereblood
   463 | D:1      | Reached skill level 1 in Slings
   714 | D:1      | Reached XP level 3. HP: 23/23 MP: 5/5
  1929 | D:2      | Noticed Jessica
  1940 | D:2      | Killed Jessica
  1941 | D:2      | Reached skill level 2 in Slings
  1941 | D:2      | Reached XP level 4. HP: 24/29 MP: 3/6
  1991 | D:2      | Found a glowing golden altar of the Shining One.
  2891 | D:3      | Noticed Terence
  2905 | D:3      | Noticed Natasha
  2922 | D:2      | HP: 4/29 [Terence/+0 hand axe (2)]
  2928 | D:2      | Killed Terence
  2929 | D:2      | Reached XP level 5. HP: 8/34 MP: 7/7
  2953 | D:2      | Reached skill level 2 in Fighting
  3177 | D:3      | Killed Natasha
  3236 | D:3      | Noticed Natasha
  3249 | D:3      | HP: 4/34 [Natasha/magic dart (6)]
  3250 | D:3      | Killed Natasha
  3537 | D:2      | HP: 5/34 [orc/+0 falchion (3)]
  3539 | D:2      | HP: 2/34 [orc/+0 falchion (3)]
  3541 | D:2      | Slain by an orc

Illustrated notes

Levels and vault maps discovered:
D:1:      wheals_arrival_shading, layout_loops_corners,
          chequers_serial_rivers_marsh
D:2:      layout_loops_ring, serial_bayou_pond_b,
          nicolae_tso_swordbearing_angel, uniq_jessica
D:3:      layout_basic, makhleb_grotto_becter, serial_shops, shop,
          minmay_starry_boxes, uniq_terence, uniq_robin, uniq_natasha

Skill      XL: |  1  2  3  4  5 |
---------------+----------------+-----
Fighting       | 1 2 |  2.1
Slings         | 1 2 |  2.7
Dodging        | 3 |  3.2
Unarmed Combat | 3 |  3.0
Spellcasting   | |  1.7
Transmutations | |  1.9

Action                   |  1- 3 |  4- 6 || total
-------------------------+-------+-------++-------
Melee: Unarmed           |   129 |    99 ||   228
       Punch             |     2 |     2 ||     4
       Kick              |     2 |     1 ||     3
       Headbutt          |     2 |     2 ||     4
 Fire: Hunting sling     |    22 |     9 ||    31
 Cast: Beastly Appendage |     6 |     3 ||     9
  Use: Scroll            |       |     2 ||     2
       Potion            |       |     2 ||     2
Armor: Ring mail         |    61 |       ||    61
       Scale mail        |       |    37 ||    37
Dodge: Dodged            |   127 |    55 ||   182

Table legend: (Time is in decaauts)
 A = Elapsed time spent in this place.
 B = Non-inter-level travel time spent in this place.
 C = Inter-level travel time spent in this place.
 D = Time resting spent in this place.
 E = Time spent auto-exploring this place.
 F = Levels seen in this place.
 G = Mean time per level.
                   A        B        C        D        E       F      G
               +--------+--------+--------+--------+--------+-----+--------+
         Total |   3561 |   3518 |     43 |   1090 |   1780 |   3 | 1187.0 |
       Dungeon |   3561 |   3518 |     43 |   1090 |   1780 |   3 | 1187.0 |
               +--------+--------+--------+--------+--------+-----+--------+

Top non-repeatable levels by time:
     D:2: 1738 daAuts
     D:1: 1603 daAuts
     D:3: 219 daAuts
